 Dungeon Crawl Stone Soup version 0.20-a0-556-g892c87b (webtiles) character file.

661 drasked the Thaumaturge (level 7, -1/36 HPs)
             Began as a Deep Elf Wizard on Feb 4, 2017.
             Slain by an iguana (10 damage)
             ... on level 4 of the Dungeon.
             The game lasted 00:09:09 (2867 turns).

drasked the Thaumaturge (Deep Elf Wizard)           Turns: 2867, Time: 00:09:10

Health: -1/36      AC:  2    Str:  4    XL:     7   Next: 30%
Magic:  1/20       EV: 13    Int: 25    God:
Gold:   150        SH:  0    Dex: 13    Spells: 12/22 levels left

rFire    . . .     SeeInvis .   e - +2 whip (elec)
rCold    . . .     Gourm    .   a - +0 robe
rNeg     . . .     Faith    .   (no shield)
rPois    .         Spirit   .   b - +0 hat
rElec    .         Reflect  .   (no cloak)
rCorr    .         Harm     .   (no gloves)
MR       .....                  (no boots)
Stlth    ++........             (no amulet)
Regen    0.2/turn               (no ring)
                                (no ring)

@: no status effects
A: no striking features
a: no special abilities


You were on level 4 of the Dungeon.
You were not hungry.

You visited 1 branch of the dungeon, and saw 4 of its levels.

You collected 150 gold pieces.

Inventory:

Hand Weapons
 e - a +2 whip of electrocution (weapon)
   (You found it on level 1 of the Dungeon)
 q - a +0 dagger of protection
   (You took it off a kobold on level 3 of the Dungeon)
Armour
 a - a +0 robe (worn)
 b - a +0 hat (worn)
 m - a +0 pair of gloves
   (You found it on level 1 of the Dungeon)
Magical Staves
 r - an uncursed staff of air {unknown}
   (You found it on level 3 of the Dungeon)
Scrolls
 h - 2 scrolls of identify {unknown}
 j - a scroll of magic mapping {unknown}
 l - a scroll of recharging {unknown}
 n - a scroll of fear {unknown}
 o - a scroll of enchant weapon {unknown}
 p - 4 scrolls of teleportation {unknown}
 t - a scroll of random uselessness {unknown}
 w - a scroll of enchant armour {unknown}
Potions
 f - a potion of heal wounds {unknown}
 g - 3 potions of curing {unknown}
 u - a potion of lignification {unknown}
 v - a potion of brilliance {unknown}
 x - a potion of degeneration {unknown}
Books
 c - a book of Minor Magic
Comestibles
 d - 2 bread rations {@e1}
 i - a meat ration {@e2}
 k - 2 royal jellies
 s - 5 chunks of flesh {@w0}


   Skills:
 - Level 2.8 Dodging
 - Level 2.5 Stealth
 + Level 8.0 Spellcasting
 + Level 5.4 Conjurations
 - Level 1.1 Summonings
 - Level 1.1 Translocations
 - Level 2.0 Air Magic
 - Level 2.2 Poison Magic


You had 12 spell levels left.
You knew the following spells:

 Your Spells              Type           Power        Failure   Level  Hunger
a - Magic Dart            Conj           ####         1%          1    None
b - Blink                 Tloc           N/A          8%          2    None
c - Call Imp              Summ           ###.....     8%          2    None
d - Repel Missiles        Chrm/Air       ###...       8%          2    None
x - Mephitic Cloud        Conj/Pois/Air  ####....     6%          3    None


Dungeon Overview and Level Annotations

Branches:
Dungeon (4/15)
 Temple: D:4-7

Altars:
Ashenzari
Elyvilon
Qazlal
Ru


Message History

An ogre comes into view. It is wielding a giant club.
You see here a leopard gecko corpse.
An ogre is nearby!
An ogre is nearby!
An ogre is nearby!
Aim: an ogre, wielding a giant club (resting)
The magic dart hits the ogre.
You now have 16/18 mp.
Aim: an ogre, wielding a giant club (lightly wounded)
The magic dart hits the ogre.
You now have 15/18 mp.
Aim: an ogre, wielding a giant club (moderately wounded)
The magic dart hits the ogre.
You now have 14/18 mp.
Aim: an ogre, wielding a giant club (heavily wounded)
The magic dart hits the ogre.
You now have 13/18 mp.
Aim: an ogre, wielding a giant club (severely wounded)
The magic dart hits the ogre.
Aim: an ogre, wielding a giant club (almost dead)
The magic dart hits the ogre.
You now have 12/18 mp.
Aim: an ogre, wielding a giant club (almost dead)
The magic dart hits the ogre.
You kill the ogre!
Your Conjurations skill increases to level 5!
You have reached level 7!
Health restored: 36
Things that are here:
a giant club; an ogre corpse
Found a stone staircase leading up.
Found a stone staircase leading down.
You now have 150 gold pieces (gained 6).
There is a stone staircase leading down here.
There is a stone staircase leading up here.
An ogre comes into view. It is wielding a giant spiked club.
You regained 3 mp, and now have 16/20 mp.
Aim: an ogre, wielding a giant spiked club (resting)
The magic dart hits the ogre.
The ogre shouts!
You now have 15/20 mp.
Aim: an ogre, wielding a giant spiked club The magic dart hits the ogre.
Aim: an ogre, wielding a giant spiked club (lightly wounded)
The magic dart hits the ogre.
Aim: an ogre, wielding a giant spiked club (moderately wounded)
The magic dart hits the ogre.
Aim: an ogre, wielding a giant spiked club (heavily wounded)
The magic dart hits the ogre.
You now have 12/20 mp.
Aim: an ogre, wielding a giant spiked club (severely wounded)
The ball explodes into a vile cloud!
The stinking cloud engulfs the ogre.
The ogre is engulfed in noxious fumes.
The ogre appears confused.
The ogre cries.
You now have 9/20 mp.
Aim: an ogre, wielding a giant spiked club (noxious fumes, severely wounded, confused)
The magic dart hits the ogre.
The ogre is engulfed in noxious fumes.
The ogre appears confused.
Aim: an ogre, wielding a giant spiked club (noxious fumes, severely wounded, confused)
The magic dart hits the ogre.
The ogre is engulfed in noxious fumes.
An iguana comes into view.
You now have 8/20 mp.
Aim: an ogre, wielding a giant spiked club (almost dead, confused)
The magic dart hits the ogre.
You kill the ogre!
Your Spellcasting skill increases to level 8!
You now have 7/20 mp.
Aim: an iguana The magic dart hits the iguana.
You now have 6/20 mp.
Aim: an iguana (lightly wounded)
The magic dart hits the iguana.
You now have 5/20 mp.
Aim: an iguana (lightly wounded)
The magic dart hits the iguana.
A worker ant comes into view.
You now have 4/20 mp.
Aim: an iguana (lightly wounded)
The magic dart hits the iguana.
Aim: an iguana (lightly wounded)
The magic dart hits the worker ant.
The worker ant closely misses you.
You now have 3/20 mp.
Aim: an iguana (lightly wounded)
The magic dart hits the iguana.
The iguana bites you! The worker ant closely misses you.
You take 7 damage, and have 29/36 hp.
You now have 2/20 mp.
The worker ant bites you!
You take 8 damage, and have 22/36 hp.
MASSIVE DAMAGE!!
Aim: an iguana (moderately wounded)
The magic dart hits the iguana.
The iguana hisses menacingly.
The iguana bites you!
* * * LOW HITPOINT WARNING * * *
You take 13 damage, and have 9/36 hp.
MASSIVE DAMAGE!!
You now have 2/20 mp.
Aim: an iguana (heavily wounded)
The magic dart hits the iguana.
The iguana bites you!
You die...

#.............##
#####.)#####..##.#
#......#####..##.#
#.............##.##
#.####.............#...#
#.........<..........>.#
#####.a....########...#
##l###.# ##### #@# #.#
#.# #.# #.# #.# #.# #.#
#.# #.# #.# #.# #.. #.#


You could see an iguana and a worker ant.

Vanquished Creatures
  Sigmund (D:2)
  3 ogres (D:4)
  3 orc priests (D:3)
  An iguana (D:3)
  A worker ant (D:3)
  A howler monkey zombie (D:3)
  An adder (D:2)
  An ooze (D:2)
  A dart slug (D:2)
  6 leopard geckos
  6 orcs (D:3)
  7 bats
  4 giant cockroaches
  4 goblins
  5 hobgoblins
  8 jackals
  10 kobolds
  A quokka (D:3)
  7 frilled lizards
  5 rats
76 creatures vanquished.

Notes
Turn   | Place    | Note
-------+----------+-------------------------------------------
     0 | D:1      | drasked the Deep Elf Wizard began the quest for the Orb.
     0 | D:1      | Reached XP level 1. HP: 10/10 MP: 7/7
   236 | D:1      | Reached XP level 2. HP: 15/15 MP: 5/9
   240 | D:1      | Learned a level 2 spell: Blink
   243 | D:1      | Learned a level 2 spell: Call Imp
   246 | D:1      | Learned a level 2 spell: Repel Missiles
   673 | D:2      | Reached skill level 2 in Conjurations
   681 | D:2      | Found a stormy altar of Qazlal.
   687 | D:2      | Found a sacrificial altar of Ru.
   730 | D:2      | Reached skill level 5 in Spellcasting
   824 | D:2      | Reached XP level 3. HP: 19/19 MP: 5/11
   829 | D:2      | Learned a level 3 spell: Mephitic Cloud
  1512 | D:2      | Found a white marble altar of Elyvilon.
  1518 | D:2      | Noticed Sigmund
  1531 | D:2      | Killed Sigmund
  1531 | D:2      | Reached skill level 6 in Spellcasting
  1531 | D:2      | Reached skill level 3 in Conjurations
  1531 | D:2      | Reached skill level 2 in Air Magic
  1531 | D:2      | Reached skill level 2 in Poison Magic
  1531 | D:2      | Reached XP level 4. HP: 24/24 MP: 5/14
  1531 | D:2      | Reached XP level 5. HP: 28/28 MP: 5/15
  2012 | D:3      | Reached XP level 6. HP: 32/32 MP: 7/17
  2066 | D:3      | Reached skill level 4 in Conjurations
  2595 | D:3      | Found a shattered altar of Ashenzari.
  2745 | D:4      | Reached skill level 7 in Spellcasting
  2819 | D:4      | Reached skill level 5 in Conjurations
  2819 | D:4      | Reached XP level 7. HP: 36/36 MP: 12/20
  2854 | D:4      | Reached skill level 8 in Spellcasting
  2866 | D:4      | HP: 9/36 [iguana (13)]
  2867 | D:4      | Slain by an iguana

Vault maps used:
D:1:      matt_arrival_diagonals
D:2:      nicolae_overflow_hidden_temple, grunt_temple_overflow_open,
          uniq_sigmund
D:3:      nicolae_overflow_crystal_walls
D:4:      kennysheep_generic_room_8

Skill      XL: |  1  2  3  4  5  6  7 |
---------------+----------------------+-----
Conjurations   | 2 3 5 |  5.4
Spellcasting   | 5 6 7 8 |  8.0
Air Magic      | 2 |  2.0
Poison Magic   | 2 |  2.2
Dodging        | |  2.8
Stealth        | |  2.5
Summonings     | |  1.1
Translocations | |  1.1

Action                   |  1- 3 |  4- 6 |  7- 9 || total
-------------------------+-------+-------+-------++-------
Melee: Whip              |    34 |     3 |       ||    37
 Cast: Magic Dart        |    76 |    97 |    17 ||   190
       Repel Missiles    |     1 |       |       ||     1
       Mephitic Cloud    |     1 |     5 |     1 ||     7
 Stab: Sleeping          |     1 |       |       ||     1
  Eat: Chunk             |     1 |     5 |       ||     6
Armor: Robe              |     5 |     1 |       ||     6
Dodge: Dodged            |    33 |    12 |     2 ||    47
       Deflected         |     1 |       |       ||     1

Vault maps used:
D:1:      matt_arrival_diagonals
D:2:      nicolae_overflow_hidden_temple, grunt_temple_overflow_open,
          uniq_sigmund
D:3:      nicolae_overflow_crystal_walls
D:4:      kennysheep_generic_room_8

Table legend:
 A = Turns spent in this place as a percentage of turns spent in the entire game.
 B = Non-inter-level travel turns spent in this place as a percentage of non-inter-level travel turns spent in the entire game.
 C = Inter-level travel turns spent in this place as a percentage of turns spent in this place.
 D = Turns resting spent in this place as a percentage of non-inter-level travel turns spent in this place.
 E = Turns spent auto-exploring this place as a percentage of non-inter-level travel turns spent in this place.
 F = Non-inter-level travel turns spent in this place divided by the number of levels of this place that you've seen.
                   A       B       C       D       E      F
               +-------+-------+-------+-------+-------+----------------------
         Total | 100.0 | 100.0 |   0.5 |   4.2 |  12.2 | 212.2
       Dungeon | 100.0 | 100.0 |   0.5 |   4.2 |  12.2 | 212.2
               +-------+-------+-------+-------+-------+----------------------

Table legend:
 A = Kills in this place as a percentage of kills in entire the game.
 B = Kills by you in this place as a percentage of kills by you in the entire game.
 C = Kills by friends in this place as a percentage of kills by friends in the entire game.
 D = Other kills in this place as a percentage of other kills in the entire game.
 E = Experience gained in this place as a percentage of experience gained in the entire game.
 F = Experience gained in this place divided by the number of levels of this place that you have seen.
                   A       B       C       D       E      F
               +-------+-------+-------+-------+-------+----------------------
         Total | 100.0 | 100.0 |  -nan |  -nan | 100.0 | 236.2
       Dungeon | 100.0 | 100.0 |  -nan |  -nan | 100.0 | 236.2
               +-------+-------+-------+-------+-------+----------------------
